 Dungeon Crawl Stone Soup version 0.30.0-29-ga12c61a403 (webtiles) character file.

Game seed: 17414581974186840380

366 qw the Trooper (level 6, -1/40 HPs)
             Began as a Gargoyle Fighter on June 2, 2023.
             Killed from afar by an orc wizard (7 damage)
             ... with a puff of flame
             ... on level 3 of the Dungeon.
             The game lasted 00:01:25 (2594 turns).

qw the Trooper (Gargoyle Fighter)                   Turns: 2594, Time: 00:01:26

Health: -1/40      AC: 11    Str: 22    XL:     6   Next: 68%
Magic:  6/6        EV:  9    Int:  8    God:
Gold:   185        SH:  0    Dex:  9    Spells: 5/5 levels left

rFire   . . .        Y - +0 war axe
rCold   . . .        c - +0 buckler
rNeg    + + .        b - +0 scale mail
rPois   inf          (no helmet)
rElec   +            (no cloak)
rCorr   .            (no gloves)
SInv    .            (no boots)
Will    .....        (no amulet) Stlth
                     g - ring of positive energy
HPRegen 0.26/turn    (no ring)
MPRegen 0.10/turn

%: no passive effects
@: confused
A: sickness immunity, AC +4, negative energy resistance 1, electricity
resistance, torment resistance 1, petrification resistance
a: no special abilities


You were on level 3 of the Dungeon.
You visited 1 branch of the dungeon, and saw 3 of its levels.

You collected 185 gold pieces.


Innate Abilities, Weirdness & Mutations

You are immune to sickness and miasma.
Your stone body is resilient. (AC +4)
You are immune to poison.
You resist negative energy. (rN+)
You are resistant to electric shocks. (rElec)
You are resistant to unholy torment.
You are immune to petrification.


   Skills:
 - Level 5.5 Fighting
 - Level 5.0 Axes
 - Level 3.2 Armour
 + Level 0.1 Dodging
 - Level 3.2 Shields


You had 5 spell levels left.
You didn't know any spells.
Your spell library was empty.

Inventory:

Hand Weapons
 l - a +0 flail
 Y - a +0 war axe (weapon)
Armour
 b - a +0 scale mail (worn)
 c - a +0 buckler (worn)
 f - a +1 pair of boots
Jewellery
 g - a ring of positive energy (left hand)
Scrolls
 a - 2 scrolls of identify
Potions
 d - a potion of might
 e - a potion of brilliance {unknown}
 h - a potion of curing {unknown}
 i - 2 potions of heal wounds {unknown}
 j - a potion of attraction {unknown}
 k - a potion of ambrosia {unknown}

Dungeon Overview and Level Annotations

Branches:
Dungeon (3/15)

Altars:


Message History

Something hits you but does no damage. Something hits you but does no damage.
Something hits you. Something hits you but does no damage.
You feel less confused.
Something hits you but does no damage. x2
You slash the orc!
You kill the orc!
You barely miss something. x2
Something hits you.
You hear some strange, mumbled words.
A magic dart appears from out of thin air!
The magic dart hits you!
Something hits you but does no damage. x2
You barely miss something. You closely miss something.
An orc wizard appears from thin air!
Reactivating autopickup.
Something hits you.
Deactivating autopickup; reactivate with Ctrl-A.
You block the orc wizard's attack.
The orc wizard hits you but does no damage.
You hear some strange, mumbled words.
A puff of flame appears from out of thin air!
The puff of flame hits you but does no damage.
You barely miss the orc wizard. You miss something.
Something hits you but does no damage.
The orc wizard hits you with a +0 dagger.
You hit the orc wizard but do no damage.
You completely miss something.
You hear some strange, mumbled words.
You are confused.
The orc wizard hits you but does no damage.
Something hits you. The orc wizard barely misses you.
You hear some strange, mumbled words.
A puff of flame appears from out of thin air!
The puff of flame hits you but does no damage.
The orc wizard hits you but does no damage.
You hear some strange, mumbled words.
A puff of flame appears from out of thin air!
The puff of flame hits you!
You die...

.##..#.........#.##..........#
...............#.#...........#
.###....#......#.#...>.......# .#
####........#.............# .
##.........#.######.##.#
##.......##........##.#
###.....##.#####<..#.# #
#......o.#.# ##...#.## #
#.....####){@..####.(.%...### #
###### #.#...##.<.##.##...# #
#%##..##.## #.%..... #
#.#.......###.......
##############.......#...#.......
............####..#..............
###########......................
..##############.................
.................)#####.#.....#..


You could see an orc wizard.

Vanquished Creatures
  Sigmund (D:3)
  An orc priest (D:3)
  An orc wizard (D:3)
  3 gnolls (D:3)
  3 adders
  2 worms
  2 dart slugs (D:2)
  6 orcs (D:3)
  6 ball pythons
  7 bats
  12 endoplasms
  4 giant cockroaches
  4 goblins
  7 hobgoblins
  7 jackals
  A quokka (D:1)
  3 frilled lizards
  7 kobolds
  5 rats
82 creatures vanquished.

Notes
Turn   | Place    | Note
-------+----------+-------------------------------------------
     0 | D:1      | qw the Gargoyle Fighter began the quest for the Orb.
     0 | D:1      | Reached XP level 1. HP: 14/14 MP: 1/1
     0 | D:1      | 0 ||| qw: Version: 0.2-a-102-gdf20003
     0 | D:1      | 0 ||| qw: Game counter: 888
     0 | D:1      | 0 ||| qw: Always use a shield: true
     0 | D:1      | 0 ||| qw: God list: Okawaru
     0 | D:1      | 0 ||| qw: Allow faded altars: false
     0 | D:1      | 0 ||| qw: Do Orc after D:15 true
     0 | D:1      | 0 ||| qw: Do second Lair branch before Depths: true
     0 | D:1      | 0 ||| qw: Lair rune preference: random
     0 | D:1      | 0 ||| qw: Plans: Normal, Zot:1-4, Slime:5, God:TSO, Crypt,
                  | Tomb, Pan, Hells, Abyss, Win
     0 | D:1      | 0 ||| PLANNING D:1-11
   157 | D:1      | Reached XP level 2. HP: 19/19 MP: 2/2
   303 | D:1      | 303 ||| Stepping ~*~*~tactically~*~*~ (stealth).
   306 | D:1      | 306 ||| Stepping ~*~*~tactically~*~*~ (stealth).
   353 | D:1      | Reached skill level 3 in Axes
   392 | D:1      | Reached XP level 3. HP: 23/23 MP: 3/3
   711 | D:1      | 711 ||| UPGRADING to ring of positive energy.
   712 | D:1      | 712 ||| READING 2 scrolls labelled LYAPPI YRHUCO.
   713 | D:1      | 713 ||| READING scroll labelled CEANEYPROZID.
   733 | D:2      | 733 ||| Stepping ~*~*~tactically~*~*~ (hiding).
  1465 | D:2      | Reached XP level 4. HP: 28/28 MP: 4/4
  1902 | D:2      | 1902 ||| READING scroll labelled SAROEL PIAGA.
  1903 | D:2      | 1903 ||| READING scroll labelled CIZAHY XIEKLALY.
  1904 | D:2      | 1904 ||| READING scroll labelled YCHITU KYCROCUKKA.
  1905 | D:2      | 1905 ||| READING 2 scrolls of identify.
  1905 | D:2      | 1905 ||| IDENTIFYING grey potion
  1906 | D:2      | 1906 ||| DROPPING potion of magic.
  2012 | D:3      | 2012 ||| Stepping ~*~*~tactically~*~*~ (stealth).
  2042 | D:3      | 2042 ||| Stepping ~*~*~tactically~*~*~ (stealth).
  2094 | D:3      | 2094 ||| Stepping ~*~*~tactically~*~*~ (stealth).
  2105 | D:3      | Reached XP level 5. HP: 32/32 MP: 5/5
  2180 | D:3      | 2180 ||| DROPPING +0 mace.
  2229 | D:3      | HP: 6/33 [orc/+0 dagger (4)]
  2233 | D:3      | HP: 1/33 [orc/+0 dagger (4)]
  2533 | D:3      | Noticed Sigmund
  2534 | D:3      | 2534 ||| Stepping ~*~*~tactically~*~*~ (hiding).
  2539 | D:3      | 2539 ||| Stepping ~*~*~tactically~*~*~ (hiding).
  2543 | D:3      | Killed Sigmund
  2544 | D:3      | Reached XP level 6. HP: 29/40 MP: 6/6
  2565 | D:3      | 2565 ||| FLEEEEING.
  2566 | D:3      | 2566 ||| FLEEEEING.
  2567 | D:3      | 2567 ||| FLEEEEING.
  2569 | D:3      | 2569 ||| FLEEEEING.
  2570 | D:3      | 2570 ||| FLEEEEING.
  2571 | D:3      | 2571 ||| FLEEEEING.
  2572 | D:3      | 2572 ||| FLEEEEING.
  2574 | D:3      | 2574 ||| FLEEEEING.
  2575 | D:3      | 2575 ||| FLEEEEING.
  2576 | D:3      | 2576 ||| FLEEEEING.
  2577 | D:3      | 2577 ||| FLEEEEING.
  2578 | D:3      | 2578 ||| FLEEEEING.
  2579 | D:3      | 2579 ||| FLEEEEING.
  2587 | D:3      | HP: 10/40 [something/magic dart (7)]
  2592 | D:3      | HP: 5/40 [something (4)]
  2594 | D:3      | Killed from afar by an orc wizard

Levels and vault maps discovered:
D:1:      denvon_arrival_planthouse, layout_loops_cross, skrybe_limestone_x
D:2:      minmay_door_path, layout_basic, dk_noncrumbling_4
D:3:      cheibrodos_pilgrimage, layout_rooms, kennysheep_generic_room_15,
          uniq_sigmund

Skill      XL: |  1  2  3  4  5 |
---------------+----------------+-----
Axes           | 2 3 4 5 |  5.0
Fighting       | 5 |  5.5
Armour         | |  3.2
Dodging        | |  0.1
Shields        | |  3.2

Action                     |  1- 3 |  4- 6 || total
---------------------------+-------+-------++-------
  Melee: War axe           |   114 |   102 ||   216
    Use: Scroll            |     2 |     4 ||     6
 Armour: Scale mail        |    67 |    88 ||   155
  Dodge: Dodged            |    45 |    52 ||    97
  Block: Buckler           |    24 |    14 ||    38

Table legend:
 A = Non-vault XP
 B = Vault XP
 C = Vault XP percentage of total XP
 D = Non-vault monster count
 E = Vault monster count
 F = Vault count percentage of total count
                 A         B        C        D         E       F
            +---------+---------+-------+---------+---------+-------
      Total |     200 |     324 |  61.8 |      71 |      11 |  13.4
            +---------+---------+-------+---------+---------+-------
        D:1 |      43 |       0 |   0.0 |      26 |       0 |   0.0
        D:2 |      50 |      11 |  18.0 |      23 |       4 |  14.8
        D:3 |     107 |     313 |  74.5 |      22 |       7 |  24.1
            +---------+---------+-------+---------+---------+-------
